 Dungeon Crawl Stone Soup version 0.26.0-15-gc6cd9f7 (webtiles) character file.

Game seed: 5569351472098981427

88 enarc13 the Slasher (level 4, 0/38 HPs)
             Began as a Ghoul Fighter on Jan 22, 2021.
             Slain by a worker ant (2 damage)
             ... on level 3 of the Dungeon.
             The game lasted 00:04:23 (2168 turns).

enarc13 the Slasher (Ghoul Fighter)                 Turns: 2168, Time: 00:04:24

Health: 0/38       AC:  7    Str: 19    XL:     4   Next: 54%
Magic:  3/3        EV:  4    Int:  4    God:
Gold:   52         SH:  8    Dex:  4    Spells: 3/3 levels left

rFire    + . .     SeeInvis .   a - +0 long sword
rCold    + . .     Faith    .   c - +0 kite shield
rNeg     + + +     Spirit   .   b - +0 scale mail
rPois    ∞         Reflect  .   e - +0 helmet
rElec    .         Harm     .   (no cloak)
rCorr    .         Rampage  .   (no gloves)
Will     .....                  (no boots)
Stlth    ..........             (no amulet)
HPRegen  0.00/turn              i - -4 ring of dexterity (curse)
MPRegen  0.08/turn              h - ring of protection from fire {rF+, !d}

@: constricted
A: claws 1, cold resistance 1, negative energy resistance 3, inhibited
regeneration, torment resistance, unbreathing
a: no special abilities


You were on level 3 of the Dungeon.
You visited 1 branch of the dungeon, and saw 3 of its levels.

You collected 52 gold pieces.

Inventory:

Hand Weapons
 a - a +0 long sword (weapon)
Missiles
 f - 116 stones (quivered)
 j - 28 sling bullets
 p - 7 curare-tipped darts
 q - 29 bolts
 t - 27 arrows
Armour
 b - a +0 scale mail (worn)
 c - a +0 kite shield (worn)
 e - a +0 helmet (worn)
   (You found it on level 1 of the Dungeon)
Jewellery
 h - a ring of protection from fire (right claw) {rF+, !d}
   (You found it on level 1 of the Dungeon)
 i - a cursed -4 ring of dexterity (left claw)
   (You found it on level 1 of the Dungeon)
Scrolls
 g - 2 scrolls of enchant weapon {unknown}
 k - a scroll of magic mapping {unknown}
 l - 2 scrolls of random uselessness {unknown}
 m - 3 scrolls of identify {unknown}
 n - 2 scrolls of fear {unknown}
 o - a scroll of teleportation {unknown}
 r - a scroll of immolation {unknown}
 v - a scroll of enchant armour {unknown}
 w - a scroll of remove curse {unknown}
Potions
 d - 3 potions of might
 s - a potion of brilliance {unknown}
 u - a potion of degeneration {unknown}


   Skills:
 - Level 3.2 Fighting
 + Level 4.2 Long Blades
 - Level 2.6 Armour
 - Level 2.6 Shields


You had 3 spell levels left.
You didn't know any spells.
Your spell library was empty.

Dungeon Overview and Level Annotations

Branches:
Dungeon (3/15)

Altars:


Innate Abilities, Weirdness & Mutations

You thrive by killing the living.
You are immune to poison.
You have sharp fingernails.
Your flesh is cold resistant. (rC+)
You are immune to negative energy. (rN+++)
You do not regenerate when monsters are visible.
You are immune to unholy pain and torment.
You can survive without breathing.


Message History

The bat hits you but does no damage. The worker ant bites you.
You closely miss the worker ant. The bat hits you but does no damage.
The worker ant bites you but does no damage.
You block the bat's attack.
You closely miss the worker ant. The bat hits you but does no damage.
The bat barely misses you. You block the worker ant's attack.
The worker ant bites you.
You barely miss the worker ant. You block the bat's attack.
The worker ant bites you.
A ball python comes into view.
Options error: Cannot find file "HDamage.rc". (~/.crawlrc:33) Options error: Cannot find file "HDAForceMore.rc". (~/.crawlrc:36) Options error: Cannot find file "HDAColors.rc". (~/.crawlrc:39) Options error: Cannot find file "HDAtravel.rc". (~/.crawlrc:42) Options error: Bad object type '%}\|(' for autopickup. (~/.crawlrc:675) Welcome back, enarc13 the Ghoul Fighter.
Press ? for a list of commands and other information.
There are monsters nearby!
You barely miss the worker ant. You block the bat's attack. x2
The worker ant bites you. The bat hits you but does no damage.
The worker ant bites you.
You closely miss the worker ant. The bat hits you but does no damage.
The bat barely misses you. The worker ant bites you.
You hit the worker ant but do no damage.
The bat hits you but does no damage. x2
The worker ant bites you but does no damage.
The worker ant barely misses you. The bat barely misses you.
You block the worker ant's attack.
The ball python bites you but does no damage.
You block the ball python's attack.
You closely miss the worker ant. The bat hits you.
You block the worker ant's attack.
The ball python bites you but does no damage.
You block the ball python's attack.
The ball python bites you but does no damage.
The ball python barely misses you. The bat barely misses you.
You block the worker ant's attack.
There is a stone staircase leading up here.
You hit the worker ant but do no damage.
You block the bat's attack. You block the ball python's attack.
The ball python closely misses you.
The worker ant waves its antennae.
The worker ant bites you but does no damage.
The ball python barely misses you.
You riposte.
Your scale mail prevents you from hitting the ball python.
The ball python grabs you. The ball python constricts you.
The ball python's grasp on you weakens, but your attempt to escape fails.
The bat hits you but does no damage. The worker ant bites you.
The ball python bites you but does no damage.
The ball python constricts you.
You are too injured to fight recklessly!
You are too injured to fight recklessly!
You hit the worker ant.
The worker ant is lightly wounded.
You block the bat's attack. The worker ant bites you.
You block the ball python's attack. The ball python constricts you.
The worker ant bites you but does no damage.
You block the ball python's attack. The ball python constricts you.
You hit the worker ant but do no damage.
The worker ant is lightly wounded.
The bat hits you.
The worker ant bites you but does no damage.
You block the ball python's attack. The ball python constricts you.
You block the worker ant's attack.
You barely miss the worker ant.
The worker ant is lightly wounded.
The bat hits you. You block the ball python's attack.
The ball python constricts you.
The worker ant bites you but does no damage.
The ball python bites you but does no damage.
The ball python constricts you.
You hit the worker ant.
The worker ant is moderately wounded.
The bat hits you but does no damage. The worker ant bites you.
* * * LOW HITPOINT WARNING * * *
The ball python closely misses you. The ball python constricts you.
The worker ant barely misses you.
You riposte.
You closely miss the worker ant.
The worker ant is moderately wounded.
The ball python bites you.
* * * LOW HITPOINT WARNING * * *
The ball python constricts you.
You hit the worker ant but do no damage.
The worker ant is moderately wounded.
The bat hits you but does no damage. The worker ant bites you.
* * * LOW HITPOINT WARNING * * *
The ball python bites you.
* * * LOW HITPOINT WARNING * * *
x2 The ball python constricts you.
You closely miss the worker ant.
The worker ant is moderately wounded.
The bat hits you but does no damage. You block the worker ant's attack.
The ball python bites you but does no damage.
The ball python constricts you. The worker ant bites you.
* * * LOW HITPOINT WARNING * * *
You hit the worker ant.
The worker ant is heavily wounded.
The ball python bites you but does no damage.
* * * LOW HITPOINT WARNING * * *
The ball python constricts you. The worker ant bites you.
You die...

#.....
#....#
+....+
#....#
###.$..#
#?.....####
#....†....#
#...!..B..#
#......S@.#
#.......b.#
#.........#
#.........#
#.........#
#.........#
..........#
.........#


You could see a worker ant, a bat and a ball python.

Vanquished Creatures
  5 adders
  10 bats
  A giant cockroach (D:2)
  8 goblins
  8 hobgoblins
  A quokka (D:2)
  5 frilled lizards
  3 kobolds (D:1)
  5 rats
46 creatures vanquished.

Notes
Turn   | Place    | Note
-------+----------+-------------------------------------------
     0 | D:1      | enarc13 the Ghoul Fighter began the quest for the Orb.
     0 | D:1      | Reached XP level 1. HP: 19/19 MP: 0/0
    42 | D:1      | Reached skill level 2 in Long Blades
   255 | D:1      | Reached XP level 2. HP: 26/26 MP: 1/1
   542 | D:1      | Reached skill level 3 in Long Blades
   826 | D:2      | Reached XP level 3. HP: 31/31 MP: 2/2
  1299 | D:2      | Reached XP level 4. HP: 38/38 MP: 3/3
  1778 | D:2      | Reached skill level 4 in Long Blades
  2165 | D:3      | HP: 8/38 [ball python (2)]
  2167 | D:3      | HP: 3/38 [worker ant (2)]
  2168 | D:3      | Slain by a worker ant

Illustrated notes

Levels and vault maps discovered:
D:1:      amcnicky_arrival_single_pillar, layout_basic, minmay_vboxes
D:2:      layout_basic, minmay_misc_feat_doors
D:3:      layout_basic, kennysheep_vampire_church, st_stairs_2

Skill      XL: |  1  2  3  4 |
---------------+-------------+-----
Long Blades    | 2 3 4 |  4.2
Fighting       | |  3.2
Armour         | |  2.6
Shields        | |  2.6

Action                   |  1- 3 |  4- 6 || total
-------------------------+-------+-------++-------
Melee: Long sword        |   155 |    78 ||   233
Throw: Stone             |    31 |     4 ||    35
Armor: Scale mail        |   100 |    54 ||   154
Dodge: Dodged            |    61 |    41 ||   102
Block: Kite shield       |    78 |    49 ||   127
       Rpst.: Long sword |    22 |    13 ||    35

Table legend: (Time is in decaauts)
 A = Elapsed time spent in this place.
 B = Non-inter-level travel time spent in this place.
 C = Inter-level travel time spent in this place.
 D = Time resting spent in this place.
 E = Time spent auto-exploring this place.
 F = Levels seen in this place.
 G = Mean time per level.
                   A        B        C        D        E       F      G
               +--------+--------+--------+--------+--------+-----+--------+
         Total |   2250 |   2193 |     57 |    122 |   1522 |   3 |  750.0 |
       Dungeon |   2250 |   2193 |     57 |    122 |   1522 |   3 |  750.0 |
               +--------+--------+--------+--------+--------+-----+--------+

Top non-repeatable levels by time:
     D:2: 1387 daAuts
     D:1: 835 daAuts
     D:3: 28 daAuts

Table legend:
 A = Kills in this place as a percentage of kills in entire the game.
 B = Kills by you in this place as a percentage of kills by you in the entire game.
 C = Kills by friends in this place as a percentage of kills by friends in the entire game.
 D = Other kills in this place as a percentage of other kills in the entire game.
 E = Experience gained in this place as a percentage of experience gained in the entire game.
 F = Experience gained in this place divided by the number of levels of this place that you have seen.
                   A       B       C       D       E      F
               +-------+-------+-------+-------+-------+----------------------
         Total | 100.0 | 100.0 |   N/A |   N/A | 100.0 |  42.3
       Dungeon | 100.0 | 100.0 |   N/A |   N/A | 100.0 |  42.3
               +-------+-------+-------+-------+-------+----------------------
